AoeStats
← Jumpshot

Arena

510310356Analyzed
3v3 RM · 1d ago on Sep 30, 2026· 59m 5s· 6 players
Game mode
Random Map
Map size
Normal (6 player)
Population
200
Speed
Normal
Resources
Standard
Victory
Conquest
Starting age
Dark Age
Ending age
Imperial Age
RankedLock teamsTeams togetherTeam positionsShared explorationLock speedFull tech treeHidden civsTurbo modeCheats
Victory
Defeat
🇩🇪 Mongols · Germany
577
+38
🇩🇪 Romans · Germany
544
+17
🇩🇪 Franks · Germany
465
+21
🇧🇷 Romans · Brazil
631
-20
🇫🇷 Teutons · France
563
-18
🇦🇷 Jurchens · Argentina
528
-16
GZicchi
1:15 Loom
13:51 Feudal Age
14:23 Double-Bit Axe
15:17 Wheelbarrow
17:42 Horse Collar
23:47 Castle Age
21:50 Gold Mining
21:51 Stone Mining
24:50 Bow Saw
26:53 Heavy Plow
29:20 Hand Cart
30:57 Stone Shaft Mining
30:59 Gold Shaft Mining
30:46 Caravan
32:35 Scale Barding Armor
32:31 Scale Mail Armor
32:41 Forging
33:35 Town Watch
33:57 Fortified Bastions
34:20 Town Patrol
38:18 Imperial Age
36:37 Fortified Wall
36:23 Murder Holes
36:13 Treadmill Crane
37:18 Chain Barding Armor
36:51 Fletching
38:34 Masonry
38:50 Ballistics
40:07 Chemistry
39:39 Architecture
40:10 Chain Mail Armor
41:25 Two-Man Saw
42:27 Iron Casting
42:28 Conscription
43:54 Crop Rotation
43:23 Bodkin Arrow
47:24 Elite Skirmisher
53:55 Thunderclap Bombs
53:07 Elite Iron Pagoda
57:50 Blast Furnace
57:25 Plate Barding Armor
56:52 Padded Archer Armor
56:52 Bracer
Jumpshot
2:29 Loom
10:54 Feudal Age
13:01 Double-Bit Axe
15:01 Horse Collar
24:51 Castle Age
23:13 Fletching
26:13 Bow Saw
26:37 Bodkin Arrow
26:06 Crossbowman
27:37 Gold Mining
30:21 Heavy Plow
31:42 Ballistics
32:44 Fervor
35:12 Caravan
35:52 Gold Shaft Mining
35:07 Stone Mining
38:25 Imperial Age
37:52 Wheelbarrow
37:04 Town Watch
39:51 Ballistas
41:22 Hand Cart
41:08 Town Patrol
42:13 Chemistry
41:47 Crop Rotation
41:37 Man-at-Arms
41:46 Cavalier
42:50 Squires
43:03 Scale Mail Armor
43:09 Scale Barding Armor
43:34 Long Swordsman
44:45 Chain Mail Armor
44:49 Forging
47:03 Conscription
47:28 Heavy Scorpion
48:28 Legionary
50:25 Pikeman
51:54 Comitatenses
52:04 Chain Barding Armor
52:20 Iron Casting
51:44 Halberdier
Boustos13
0:34 Loom
17:33 Feudal Age
22:45 Castle Age
21:22 Wheelbarrow
20:32 Town Watch
20:51 Gold Mining
20:52 Stone Mining
33:05 Fortified Wall
37:48 Hand Cart
37:34 Town Patrol
zLxgends-
13:36 Feudal Age
14:08 Double-Bit Axe
15:08 Wheelbarrow
26:15 Castle Age
24:03 Loom
25:29 Scale Barding Armor
32:15 Hand Cart
37:17 Caravan
37:49 Coinage
37:26 Caravan
40:12 Bow Saw
44:08 Imperial Age
46:46 Cavalier
53:41 Paladin
57:21 Chain Barding Armor
57:12 Forging
57:04 Scale Mail Armor
calvindukelb
0:40 Loom
19:18 Feudal Age
20:27 Feudal Age
22:11 Wheelbarrow
21:26 Town Watch
22:38 Double-Bit Axe
26:09 Stone Mining
26:09 Gold Mining
33:31 Castle Age
31:22 Man-at-Arms
34:45 Squires
35:48 Gold Shaft Mining
35:50 Stone Shaft Mining
35:08 Horse Collar
35:42 Bow Saw
37:06 Light Cavalry
38:45 Husbandry
39:45 Hand Cart
39:31 Town Patrol
47:27 Padded Archer Armor
47:35 Scale Barding Armor
47:33 Scale Mail Armor
47:27 Fletching
47:48 Forging
47:45 Devotion
47:47 Atonement
47:43 Herbal Medicine
47:59 Fervor
49:36 Elite Skirmisher
49:37 Crossbowman
50:26 Thumb Ring
51:55 Iron Casting
51:36 Chain Mail Armor
59:01 Imperial Age
59:15 Imperial Age
56:37 Pikeman
56:39 Long Swordsman
G!N0 C@$!N0
10:31 Feudal Age
11:03 Horse Collar
11:09 Double-Bit Axe
11:16 Gold Mining
13:47 Wheelbarrow
15:07 Stone Mining
20:34 Castle Age
21:51 Bow Saw
23:18 Caravan
24:04 Hand Cart
24:28 Heavy Plow
25:41 Hand Cart
25:15 Loom
26:17 Fervor
32:45 Ballistics
32:20 Murder Holes
34:59 Imperial Age
32:40 Ballistas
33:43 Gold Shaft Mining
34:13 Bloodlines
34:04 Husbandry
35:01 Heavy Scorpion
35:54 Siege Engineers
36:50 Chemistry
36:26 Conscription
38:52 Capped Ram
40:34 Crop Rotation
40:26 Comitatenses
42:18 Squires
41:39 Pikeman
41:39 Man-at-Arms
42:14 Fletching
42:35 Forging
42:25 Scale Mail Armor
42:31 Scale Barding Armor
42:37 Elite Centurion
44:38 Siege Ram
45:54 Fortified Wall
46:29 Cavalier
47:29 Halberdier
55:11 Long Swordsman
55:48 Legionary
58:20 Chain Barding Armor
58:15 Chain Mail Armor
58:36 Iron Casting
57:56 Bodkin Arrow
Connection lost

Rejoining the realm…

Still unreachable

The connection could not be restored.

Session expired

The server has moved on; the page needs a fresh start.